Map: Celestial Enclave LE

Players

Lurkich

  • Race: Zerg Zerg
  • League: Gold
  • Spawn Location: 1:00

Mirko - Winner!

  • Race: Terran Terran
  • League: Gold
  • Spawn Location: 7:00

VOD

Have the link to the VOD?

Description

Time

  • Played on: Dec. 23, 2025, 8:56 a.m.
  • Length: 29:41
Show
View Real Time Build Order
Export as new Build Order

Lurkich Zerg 

Build Orders: Hatch First, Lurkers 

Get SALT Encoding   

  12  0:00  Drone  
  13  0:13  Drone  
  14  0:16  Overlord  
  14  0:34  Drone x2  
  16  0:37  Drone  
  17  0:55  Hatchery  
  16  1:03  Spawning Pool  
  15  1:06  Drone  
  15  1:10  Drone  
  17  1:13  Drone  
  18  1:18  Drone  
  18  1:24  Extractor  
  18  1:29  Drone  
  19  1:40  Drone  
  20  1:50  Queen  
  22  2:03  Hatchery  
  22  2:08  Overlord, Roach Warren  
  21  2:11  Zergling x2  
  22  2:24  Overlord  
  22  2:50  Roach x3  
  28  2:53  Lair  
  28  3:06  Roach  
  28  3:07  Overlord  
  28  3:08  Zergling x2  
  31  3:23  Extractor  
  31  3:24  Drone x3  
  31  3:26  Queen  
  31  3:27  Extractor  
  34  3:31  Overlord  
  34  3:33  Ravager  
  35  3:43  Roach  
  37  3:58  Roach  
  37  3:59  Roach  
  37  4:00  Drone x2  
  43  4:12  Drone x3  
  43  4:13  Drone x2  
  43  4:15  Ravager  
  49  4:27  Roach  
  49  4:28  Roach  
  53  4:47  Roach x2  
  53  4:48  Roach  
  53  4:49  Overlord  
  59  5:10  Overlord  
  59  5:12  Glial Reconstitution  
  59  5:26  Roach x2  
  59  5:27  Roach x2  
  59  5:28  Overlord  
  67  5:32  Drone  
  68  5:42  Roach  
  70  5:47  Hatchery  
  70  5:48  Spore Crawler  
  68  5:56  Ravager x2  
  68  5:57  Ravager x3  
  73  6:06  Burrow  
  70  6:45  Zergling x28  
  84  6:48  Overlord  
  82  7:07  Overseer  
  82  7:09  Tunneling Claws  
  82  7:12  Pneumatized Carapace  
  82  7:16  Queen  
  82  7:19  Roach x2  
  88  7:43  Drone  
  88  7:44  Drone x5  
  79  7:58  Overseer  
  76  8:07  Ravager x5  
  76  8:08  Ravager  
  82  8:32  Hydralisk Den  
  81  8:46  Roach x8  
  81  8:47  Overlord x3  
  97  9:00  Spore Crawler  
  97  9:02  Extractor  
  95  9:03  Hydralisk  
  95  9:07  Hydralisk x4  
  95  9:08  Hydralisk  
  81  9:35  Overlord x2  
  81  9:36  Hydralisk x3, Overlord  
  75  9:58  Hydralisk x4  
  81  10:06  Overseer  
  81  10:07  Overseer  
  71  10:31  Lurker Den  
  71  10:32  Drone x3  
  67  10:40  Drone x9  
  72  10:50  Overseer  
  70  11:07  Roach x3  
  70  11:08  Roach x5  
  70  11:10  Drone  
  87  11:34  Hatchery  
  87  11:38  Lurker x4  
  90  11:42  Grooved Spines  
  90  11:56  Overlord x2  
  90  11:57  Overseer  
  90  12:14  Zergling x2  
  88  12:35  Hydralisk x4  
  88  12:37  Drone x20  
  92  12:38  Drone x2  
  92  12:42  Extractor  
  111  12:46  Queen  
  113  12:52  Extractor  
  113  12:54  Spore Crawler  
  111  13:02  Drone  
  112  13:12  Extractor  
  111  13:22  Evolution Chamber, Metabolic Boost  
  111  13:25  Hydralisk x2, Roach x4  
  111  13:26  Hydralisk, Roach x2  
  128  13:42  Infestation Pit  
  128  13:44  Muscular Augments  
  128  13:45  Hydralisk x2  
  128  13:46  Hydralisk x2  
  135  14:09  Lurker x5  
  140  14:10  Lurker  
  141  14:21  Roach x6  
  141  14:45  Overseer  
  129  14:52  Hive  
  129  14:54  Hydralisk x4  
  137  15:03  Hydralisk x3  
  143  15:07  Overlord x4  
  143  15:08  Overlord  
  143  15:22  Overlord x3  
  143  15:31  Overlord x3  
  143  15:35  Overseer  
  143  15:36  Overseer  
  140  15:54  Zerg Missile Weapons Level 1  
  131  16:09  Seismic Spines  
  128  16:12  Overlord  
  128  16:13  Overlord x2  
  128  16:15  Zergling x6  
  128  16:16  Zergling x4  
  128  16:17  Adrenal Glands  
  133  16:20  Zergling x2  
  133  16:21  Zergling x6  
  137  16:25  Overlord  
  137  16:26  Overlord x2  
  125  16:45  Zergling x4  
  125  16:46  Zergling x32  
  143  16:55  Ultralisk Cavern  
  143  16:56  Microbial Shroud  
  143  16:59  Infestor x2  
  138  17:06  Adaptive Talons  
  138  17:08  Overseer  
  138  17:12  Lurker x3  
  138  17:13  Lurker x5  
  146  17:17  Drone x3  
  146  17:18  Drone x3  
  146  17:21  Drone x3  
  155  17:39  Drone  
  155  17:40  Infestor x2  
  155  17:43  Hatchery  
  159  17:49  Chitinous Plating  
  159  17:51  Zerg Ground Armor Level 1  
  159  17:59  Unknown  
  159  18:04  Ultralisk  
  165  18:19  Extractor x2  
  144  18:34  Ultralisk x2  
  134  18:54  Overlord x4  
  101  19:05  Overseer x2  
  101  19:06  Overseer  
  101  19:08  Anabolic Synthesis  
  101  19:14  Queen  
  103  19:36  Overlord x3  
  103  19:58  Overlord x4  
  103  19:59  Zergling x2  
  102  20:00  Zergling x52  
  102  20:01  Zergling x10  
  131  20:26  Overlord  
  131  20:27  Overlord  
  131  20:28  Ultralisk x4  
  140  21:27  Overseer  
  140  21:28  Overseer  
  124  21:47  Roach x2  
  57  22:09  Zergling x8  
  57  22:10  Zergling x52  
  57  22:15  Overseer  
  81  22:23  Spore Crawler  
  81  22:24  Spore Crawler  
  81  22:27  Spore Crawler x2  
  81  22:29  Spore Crawler  
  76  22:42  Spore Crawler  
  51  23:19  Zerg Ground Armor Level 2  
  51  23:25  Ultralisk  
  51  23:26  Ultralisk x2  
  69  23:27  Infestor x3  
  69  23:28  Hydralisk x2  
  69  23:30  Overlord x3  
  73  24:26  Spire  
  72  24:48  Overlord x4  
  72  25:07  Overseer  
  72  25:19  Overlord x2  
  66  25:35  Zerg Missile Weapons Level 2  
  66  25:39  Hatchery  
  66  25:40  Extractor  
  64  25:44  Extractor  
  64  25:48  Greater Spire  
  64  25:49  Corruptor  
  63  25:50  Corruptor x6  
  70  26:10  Zergling x12  
  70  26:11  Zergling x28  
  37  26:43  Zergling x20  
  37  26:44  Zergling x2  
  37  27:32  Overseer  
  34  28:13  Mutalisk x2  
  34  28:14  Mutalisk x2  
  34  28:16  Zergling x2  
  34  28:17  Zergling x12  
  40  28:28  Zergling x4  
  40  28:29  Zergling x14  
Show
View Real Time Build Order
Export as new Build Order

Mirko Terran - Winner!

Build Orders:  

Get SALT Encoding   

  12  0:15  Supply Depot  
  12  0:39  Barracks  
  12  0:42  Barracks  
  12  0:47  SCV  
  13  0:59  SCV  
  14  1:06  Supply Depot  
  14  1:11  SCV  
  15  1:23  SCV  
  16  1:29  Marine x2  
  18  1:46  Marine  
  18  1:47  Marine  
  18  1:50  Bunker  
  18  1:53  Bunker  
  20  2:01  Orbital Command  
  20  2:26  Refinery  
  20  2:27  Refinery, SCV  
  21  2:37  Marine x2  
  21  2:41  SCV  
  24  2:46  Supply Depot  
  24  2:54  SCV  
  25  3:06  SCV  
  25  3:08  Marine x2  
  28  3:14  Factory  
  28  3:18  SCV  
  29  3:30  SCV  
  30  3:42  SCV  
  30  3:45  Command Center  
  31  3:54  SCV  
  31  4:08  Starport  
  31  4:09  Factory Tech Lab  
  32  4:10  SCV  
  32  4:13  Supply Depot  
  32  4:17  Marine x2  
  32  4:22  SCV  
  35  4:29  Siege Tank  
  38  4:34  SCV  
  38  4:48  Marine  
  39  5:12  Siege Tank  
  42  5:17  SCV  
  42  5:18  Engineering Bay  
  43  5:29  SCV  
  44  5:36  Armory  
  44  5:38  Armory  
  44  5:41  SCV  
  44  5:42  Refinery  
  45  5:46  Marine x2  
  47  5:53  SCV  
  48  5:57  Planetary Fortress  
  48  6:03  Marine x2  
  50  6:05  SCV  
  50  6:09  Missile Turret  
  51  6:17  SCV  
  52  6:20  Refinery  
  52  6:21  Marine x2  
  43  6:48  Terran Vehicle Weapons Level 1  
  43  6:49  Terran Vehicle And Ship Armor Level 1  
  43  6:53  Supply Depot  
  43  7:00  SCV  
  40  7:03  SCV  
  41  7:12  Liberator, SCV  
  41  7:15  SCV  
  46  7:16  Factory, Drilling Claws  
  46  7:24  SCV  
  46  7:27  SCV  
  46  7:28  Barracks  
  48  7:36  SCV  
  49  7:39  SCV  
  49  7:42  Supply Depot, Siege Tank  
  53  7:48  SCV  
  53  7:51  SCV  
  48  8:00  SCV  
  48  8:03  SCV  
  50  8:12  SCV  
  51  8:14  Siege Tank  
  51  8:15  SCV  
  55  8:24  SCV  
  56  8:36  SCV  
  57  8:41  Factory Reactor  
  57  8:45  Factory  
  57  8:46  Siege Tank  
  57  8:47  Terran Vehicle And Ship Armor Level 2, Terran Vehicle Weapons Level 2  
  60  8:49  Factory, SCV  
  61  8:56  Missile Turret  
  61  8:57  Missile Turret  
  61  8:59  Missile Turret  
  61  9:01  Missile Turret x2  
  61  9:11  Viking  
  54  9:31  Siege Tank  
  50  9:53  Widow Mine x4  
  56  10:04  Widow Mine  
  57  10:23  Widow Mine  
  57  10:25  Supply Depot  
  57  10:27  Widow Mine  
  57  10:28  Supply Depot  
  53  10:30  Supply Depot  
  53  10:31  Widow Mine  
  53  10:32  Supply Depot  
  54  10:42  Widow Mine  
  54  10:47  Siege Tank, SCV, Widow Mine  
  54  10:49  Widow Mine  
  62  10:52  Widow Mine  
  64  10:59  SCV  
  64  11:04  Widow Mine  
  67  11:08  Widow Mine  
  67  11:10  Widow Mine  
  67  11:11  SCV  
  72  11:13  Widow Mine  
  74  11:19  Siege Tank  
  74  11:22  Terran Vehicle Weapons Level 3  
  74  11:23  SCV  
  74  11:25  Widow Mine  
  80  11:30  Missile Turret  
  80  11:33  Missile Turret  
  80  11:35  SCV  
  81  11:40  Missile Turret  
  81  11:47  SCV  
  81  11:48  Missile Turret  
  82  11:55  Siege Tank  
  85  12:12  Missile Turret  
  85  12:22  Factory Reactor x2  
  85  12:32  Missile Turret  
  85  12:39  Terran Vehicle And Ship Armor Level 3  
  85  12:42  Supply Depot  
  85  12:48  Supply Depot  
  85  12:51  Hi-Sec Auto Tracking  
  85  13:04  Siege Tank  
  88  13:14  Widow Mine x3  
  94  13:29  Missile Turret  
  94  13:30  Missile Turret  
  94  13:31  Missile Turret  
  94  13:36  Siege Tank  
  97  13:53  Missile Turret  
  97  13:56  Supply Depot  
  97  13:57  Supply Depot  
  97  13:58  Missile Turret  
  97  13:59  Terran Ship Weapons Level 1, Widow Mine x2  
  101  14:16  Supply Depot  
  101  14:17  Viking, Supply Depot  
  101  14:18  Widow Mine x3  
  101  14:19  Supply Depot  
  75  14:47  Widow Mine x3  
  75  14:48  Widow Mine x4  
  89  15:08  Widow Mine  
  89  15:09  Widow Mine  
  93  15:29  Widow Mine  
  93  15:30  Widow Mine x4  
  101  15:46  Widow Mine x2  
  98  15:51  Widow Mine x5  
  108  16:01  Missile Turret  
  108  16:07  Widow Mine  
  110  16:12  Widow Mine x2  
  110  16:13  Widow Mine x4  
  122  16:29  Widow Mine  
  114  16:47  Widow Mine  
  114  16:48  Siege Tank  
  114  16:49  Widow Mine x4  
  114  16:50  Widow Mine  
  115  17:09  Widow Mine  
  117  17:33  Siege Tank  
  120  17:46  Widow Mine  
  120  17:47  Widow Mine x4  
  130  17:56  Terran Ship Weapons Level 2  
  130  18:06  Siege Tank  
  127  18:38  Siege Tank  
  95  19:10  Widow Mine, Siege Tank  
  95  19:11  Widow Mine x5  
  110  19:32  Widow Mine x6  
  122  19:42  Siege Tank  
  125  19:53  Widow Mine  
  127  20:04  Widow Mine  
  127  20:05  Widow Mine x2  
  133  20:14  Siege Tank  
  90  22:08  Widow Mine  
  90  22:09  Widow Mine x6  
  92  22:30  Widow Mine x4  
  92  22:34  Orbital Command  
  98  23:17  Refinery  
  98  23:20  Siege Tank  
  98  23:22  Widow Mine  
  98  23:23  Widow Mine  
  105  23:42  Widow Mine  
  105  23:43  Widow Mine x4  
  105  23:44  Widow Mine  
  117  23:52  Siege Tank  
  120  24:13  Widow Mine  
  120  24:14  Widow Mine x3  
  128  24:25  Widow Mine  
  130  24:35  Widow Mine x3  
  136  24:51  Widow Mine  
  136  24:52  Widow Mine x2  
  142  25:07  Terran Ship Weapons Level 3  
  142  25:29  Starport Tech Lab  
  142  25:31  Widow Mine  
  142  25:33  Widow Mine x2  
  142  25:34  Widow Mine  
  121  26:52  Siege Tank  
  121  26:53  Widow Mine x3  
  121  26:54  Widow Mine x3  
  128  27:14  Widow Mine  
  128  27:15  Widow Mine x3  
  133  27:21  Command Center  
  133  27:24  Siege Tank  
  136  27:36  Widow Mine x2  
Tags
 
Composition
Lurkers
League
GoldGold
Matchup
ЗvТ
Spawn Locations
Cross Positions
Add a new tag
Caveats
  • Supply blocks, unpowered buildings, or Contaminate may cause inaccurate times.
  • Supply counts are checked every 10 seconds.